 Dungeon Crawl Stone Soup version 0.32-a0-520-g344ed53f66 (webtiles) character file.

Game seed: 9325992475614312608

13291 zenocrate the Severer (level 11, -2/91 (99) HPs)
             Began as a Minotaur Fighter on Feb 27, 2024.
             Was a High Priest of Okawaru.
             Slain by a wraith (3 damage)
             ... led by Josephine
             ... on level 10 of the Dungeon.
             The game lasted 00:15:03 (11239 turns).

zenocrate the Severer (Minotaur Fighter)           Turns: 11239, Time: 00:15:04

HP:   -2/91 (99)    AC: 13    Str: 33    XL:     11   Next: 73%
MP:   10/10         EV:  9    Int:  5    God:    Okawaru [*****.]
Gold: 496           SH:  6    Dex: 12    Spells: 10/10 levels left

rFire   . . .        a - +0 war axe
rCold   . . .        c - +0 buckler
rNeg    . . .        y - +0 chain mail
rPois   .            (helmet restricted)
rElec   .            (no cloak)
rCorr   .            (no gloves)
SInv    +            f - +0 pair of boots
Will    .....        n - amulet of magic regeneration Stlth
                     D - +6 ring of strength
HPRegen 0.35/turn    g - ring "Ufoij Tuw" {Str+2 Dex+2 SInv}
MPRegen 0.52/turn

%: no passive effects
@: mighty, slowed, drained, very slow
A: horns 2, retaliatory headbutt
a: Renounce Religion, Heroism, Finesse, Duel


You were on level 10 of the Dungeon.
You worshipped Okawaru.
Okawaru was extremely pleased with you.
You visited 2 branches of the dungeon, and saw 11 of its levels.

You collected 496 gold pieces.

Inventory:

Hand Weapons
 a - a +0 war axe (weapon)
Missiles
 C - 6 poisoned darts (quivered)
Armour
 c - a +0 buckler (worn)
 f - a +0 pair of boots (worn)
 y - a +0 chain mail (worn)
Jewellery
 g - the ring "Ufoij Tuw" (right hand) {Str+2 Dex+2 SInv}
   (You took it off a centaur warrior on level 10 of the Dungeon)

   [ring of see invisible]

   Str+2:     It affects your strength (+2).
   Dex+2:     It affects your dexterity (+2).
   SInv:      It lets you see invisible.
 h - the ring of Xom's Malicious Joy {EV+5 Str+3}
   (You took it off a skeletal warrior on level 10 of the Dungeon)

   [ring of evasion]

   EV+5:      It affects your evasion (+5).
   Str+3:     It affects your strength (+3).
 n - an amulet of magic regeneration (around neck)
 v - a ring of fire
 x - a ring of willpower
 D - a +6 ring of strength (left hand)
 E - a +6 ring of strength
Wands
 b - a wand of mindburst (15)
 s - a wand of roots (10)
 w - a wand of flame (11)
Scrolls
 e - 2 scrolls of revelation
 j - 4 scrolls of enchant weapon
 k - a scroll of fear
 l - 2 scrolls of amnesia
 o - a scroll of silence {unknown}
 t - a scroll of blinking {unknown}
 z - a scroll of butterflies {unknown}
 A - a scroll of immolation {unknown}
Potions
 i - 2 potions of heal wounds {unknown}
 r - a potion of mutation
 u - a potion of enlightenment


   Skills:
 - Level 10.0 Fighting
 + Level 15.9 Axes
 + Level 10.2 Armour
 + Level 8.9 Shields
 - Level 3.1 Evocations


You had 10 spell levels left.
You didn't know any spells.
Your spell library contained the following spells:

 Spells                   Type           Power      Damage    Failure   Level
 Magic Dart               Conj           0%         1d3       87%         1
 Ensorcelled Hibernation  Hex/Ice        0%         N/A       95%         2
 Lesser Beckoning         Tloc           0%         N/A       95%         2
 Searing Ray              Conj           0%         2d4       95%         2
 Fugue of the Fallen      Necr           0%         N/A       99%         3
 Gell's Gravitas          Tloc           0%         N/A       99%         3
 Passwall                 Erth           0%         N/A       99%         3
 Swiftness                Air            0%         N/A       99%         3
 Teleport Other           Tloc           0%         N/A       99%         3
 Anguish                  Hex/Necr       0%         N/A       100%        4
 Dimensional Bullseye     Hex/Tloc       0%         N/A       100%        4
 Fulminant Prism          Conj/Alch      0%         3d5       100%        4
 Iskenderun's Mystic Bla  Conj/Tloc      0%         2d3       100%        4
 Vhi's Electric Charge    Tloc/Air       0%         N/A       100%        4
 Arcjolt                  Conj/Air       0%         1d10      100%        5
 Plasma Beam              Fire/Air       0%         2x1d10    100%        6
 Orb of Destruction       Conj           0%         9d5       100%        7
 Summon Small Mammal      Summ           Unusable   N/A       N/A         1
 Call Canine Familiar     Summ           Unusable   N/A       N/A         3
 Tukima's Dance           Hex            Unusable   N/A       N/A         3
 Summon Blazeheart Golem  Fire/Summ      Unusable   N/A       N/A         4
 Spellforged Servitor     Conj/Summ      Unusable   N/A       N/A         7

Dungeon Overview and Level Annotations

Branches:
Dungeon (10/15)            Temple (1/1) D:4             Orc (0/2) D:9
   Lair: D:8-11

Altars:
Ashenzari
Cheibriados
Dithmenos
Elyvilon
Fedhas
Gozag
Hepliaklqana
Kikubaaqudgha
Makhleb
Nemelex Xobeh
Okawaru
Qazlal
Ru
Sif Muna
Trog
Uskayaw
Vehumet
Wu Jian
Xom
Yredelemnul
Zin
The Shining One
Beogh

Shops:
D:6 *

Annotations:
D:3 3 runed translucent doors, Pokonic1's ghost, weakling TrSh
D:10 2 runed translucent doors, Fannar


Innate Abilities, Weirdness & Mutations

You have a pair of horns on your head.
You reflexively headbutt those who attack you in melee.


Message History

The ghostly fireball engulfs the wraith.
The wraith completely resists.
The ghostly fireball engulfs Josephine.
Josephine completely resists.
The ghostly fireball engulfs the wraith.
The wraith completely resists.
You block the wraith's attack.
You slash Josephine!
Josephine is almost dead.
You closely miss the wraith. You hit the wraith but do no damage.
The wraith hits you.
* * * LOW HITPOINT WARNING * * *
The wraith drains your vigour!
You feel as though you will be slow longer.
Josephine hits you with a +0 dagger.
* * * LOW HITPOINT WARNING * * *
The wraith hits you but does no damage.
You slash Josephine!
Josephine is almost dead.
You hit the wraith but do no damage. You completely miss the wraith.
The wraith hits you.
* * * LOW HITPOINT WARNING * * *
Josephine hits you but does no damage. The wraith hits you.
* * * LOW HITPOINT WARNING * * *
The wraith drains your vigour!
You feel as though you will be slow longer.
You closely miss Josephine.
Josephine is almost dead.
You slice the wraith!!
You destroy the wraith!
Okawaru accepts your kill.
You hit the wraith. Josephine hits you with a +0 dagger!
* * * LOW HITPOINT WARNING * * *
The wraith closely misses you. You furiously retaliate!
You headbutt the wraith! You slash Josephine!
You kill Josephine!
Okawaru accepts your kill.
You barely miss the wraith.
Fannar the Cold-Hearted comes into view.
They are wielding a +0 quarterstaff of freezing and wearing a +2 robe of cold resistance.
The wraith hits you.
You die...

#.....#......#...##.#.
#.##..#..###.#...##.##
#............#...##.##
#............#...#####
#.##..#..###.#...#....
#............##'##..##
#.....########........
#.##..# #.##....# #.@#
#.##..#.# #W).....#
#.......# .......#.#
#####.... #..........
#.##. #...#......#
#.##. #......##..#
+.... #......# ..#
#...# #.#...e. .#
#.#.# #...#


You could see Fannar and a wraith.

Vanquished Creatures
  Josephine (D:10)
  2 centaur warriors (D:10)
  A two-headed ogre (D:10)
  Amaemon (D:8)
  A skeletal warrior (D:10)
  An orc knight (D:10)
  A cyclops (D:10)
  A manticore (D:10)
  An orange demon (D:8)
  A tengu conjurer (D:10)
  A komodo dragon (D:8)
  A shadow (D:8)
  5 wraiths
  2 wyverns (D:9)
  28 yaks
  Duvessa (D:7)
  A water moccasin (D:9)
  3 orc warriors
  A black bear (D:5)
  2 ice beasts
  3 ogres
  4 centaurs
  A phantom (D:6)
  2 bullfrogs
  5 scorpions
  Dowan (D:7)
  A killer bee (D:10)
  3 howler monkeys
  5 bombardier beetles
  4 orc priests
  2 hounds
  7 jellies
  A gnoll bouda (D:9)
  A sleepcap (D:5)
  Jessica (D:3)
  Natasha (thrice) (D:4)
  An iguana (D:5)
  12 orc wizards
  8 gnolls
  5 adders
  3 white imps (D:6)
  A ribbon worm (D:2)
  2 dart slugs
  37 orcs
  10 bats
  10 endoplasms
  2 giant cockroaches
  7 goblins
  6 hobgoblins
  3 jackals
  8 kobolds
  6 quokkas
  3 ball pythons
  5 frilled lizards
  4 rats
233 creatures vanquished.

Notes
Turn   | Place    | Note
-------+----------+-------------------------------------------
     0 | D:1      | zenocrate the Minotaur Fighter began the quest for the Orb.
     0 | D:1      | Reached XP level 1. HP: 19/19 MP: 0/0
   186 | D:1      | Reached skill level 3 in Axes
   307 | D:1      | Reached XP level 2. HP: 25/26 MP: 1/1
   728 | D:2      | Reached skill level 4 in Axes
   883 | D:2      | Reached XP level 3. HP: 31/31 MP: 2/2
  1121 | D:2      | Reached skill level 5 in Axes
  1276 | D:2      | Reached XP level 4. HP: 30/39 MP: 3/3
  1678 | D:3      | Reached skill level 6 in Axes
  1832 | D:3      | Reached XP level 5. HP: 45/45 MP: 4/4
  2102 | D:3      | Found a runed translucent gate.
  2102 | D:3      | Noticed Pokonic1's ghost (weakling TrSh)
  2105 | D:3      | Found a runed translucent gate.
  2106 | D:3      | Found a runed translucent gate.
  2219 | D:3      | Noticed Jessica
  2225 | D:3      | Killed Jessica
  2226 | D:3      | Reached skill level 7 in Axes
  2464 | D:4      | Reached XP level 6. HP: 48/52 MP: 5/5
  2574 | D:4      | Noticed Natasha
  2581 | D:4      | Killed Natasha
  2775 | D:4      | Noticed Natasha
  2780 | D:4      | Killed Natasha
  2781 | D:4      | Reached skill level 5 in Fighting
  2806 | D:4      | Found a staircase to the Ecumenical Temple.
  2958 | D:4      | Reached skill level 8 in Axes
  2996 | D:4      | Noticed Natasha
  3000 | D:4      | Killed Natasha
  3075 | D:5      | Entered Level 5 of the Dungeon
  3084 | D:5      | Noticed an ice beast
  3087 | D:5      | Killed an ice beast
  3088 | D:5      | Reached XP level 7. HP: 61/61 MP: 6/6
  3241 | D:5      | Reached skill level 1 in Evocations
  3458 | D:5      | Reached skill level 9 in Axes
  4008 | D:6      | Reached XP level 8. HP: 57/70 MP: 7/7
  4396 | D:6      | Reached skill level 10 in Axes
  4451 | D:6      | Found Yqoeg's Lightly-Used Armoury.
  4473 | D:6      | Found a glowing silver altar of Zin.
  5407 | D:7      | Noticed Dowan
  5408 | D:7      | Noticed Duvessa
  5413 | D:7      | Killed Dowan
  5414 | D:7      | Reached skill level 11 in Axes
  5418 | D:7      | Killed Duvessa
  5588 | D:7      | Reached XP level 9. HP: 25/82 MP: 8/8
  6133 | D:7      | Found a radiant altar of Vehumet.
  6133 | D:7      | Found an ornate altar of the Wu Jian Council.
  6189 | D:7      | Reached skill level 12 in Axes
  6461 | D:8      | Found a roughly hewn altar of Beogh.
  6539 | D:8      | Noticed a komodo dragon
  6547 | D:8      | Killed a komodo dragon
  6548 | D:8      | Reached skill level 13 in Axes
  7011 | Temple   | Entered the Ecumenical Temple
  7030 | Temple   | Became a worshipper of Warmaster Okawaru
  7166 | D:8      | Reached skill level 5 in Shields
  7169 | D:8      | Reached skill level 5 in Armour
  7546 | D:8      | Noticed Amaemon
  7551 | D:8      | Reached * piety under Okawaru
  7552 | D:8      | Reached XP level 10. HP: 79/89 MP: 9/9
  7574 | D:8      | Killed Amaemon
  7580 | D:8      | HP: 4/89 [poisoned by Amaemon]
  7849 | D:8      | Noticed an orange demon
  7855 | D:8      | Killed an orange demon
  7855 | D:8      | Reached ** piety under Okawaru
  7856 | D:8      | Reached skill level 14 in Axes
  8682 | D:9      | Found a staircase to the Orcish Mines.
  8707 | D:9      | Reached *** piety under Okawaru
  9271 | D:9      | Reached XP level 11. HP: 97/99 MP: 10/10
  9377 | D:9      | Identified the +1 leather armour of the Tuna {Harm Str-2
                  | Dex+5}
  9399 | D:9      | Reached **** piety under Okawaru
  9576 | D:9      | Reached skill level 10 in Fighting
  9959 | D:10     | Entered Level 10 of the Dungeon
  9967 | D:10     | Reached skill level 15 in Axes
 10369 | D:10     | Identified the ring "Ufoij Tuw" {Str+2 Dex+2 SInv}
 10369 | D:10     | Noticed a centaur warrior
 10378 | D:10     | Killed a centaur warrior
 10381 | D:10     | HP: 7/148 [poisoned by a centaur warrior]
 10386 | D:10     | HP: 3/148 [poisoned by a centaur warrior]
 10672 | D:10     | Found a runed translucent door.
 10672 | D:10     | Found a runed translucent door.
 10672 | D:10     | Noticed a boulder beetle
 10684 | D:10     | Identified the ring "Lakog" {+Blink Fly rC+ rCorr Str-4}
 10684 | D:10     | Noticed an orc knight
 10685 | D:10     | Identified the staff "Xicvocytt" {rPois rN+ Will++ Alchemy}
 10685 | D:10     | Noticed a centaur warrior
 10685 | D:10     | Identified the ring of Xom's Malicious Joy {EV+5 Str+3}
 10685 | D:10     | Noticed a skeletal warrior
 10696 | D:10     | Killed an orc knight
 10701 | D:10     | Killed a centaur warrior
 10701 | D:10     | Reached ***** piety under Okawaru
 10705 | D:10     | Received a gift from Okawaru
 10720 | D:10     | HP: 4/99 [skeletal warrior/+1 short sword of flaming (14)]
 10724 | D:10     | Killed a skeletal warrior
 10783 | D:10     | Reached skill level 10 in Armour
 10793 | D:10     | Noticed a two-headed ogre
 10799 | D:10     | HP: 4/99 [two-headed ogre/+0 giant club (21)]
 10800 | D:10     | Killed a two-headed ogre
 10805 | D:10     | Noticed an orc knight
 11226 | D:10     | Noticed Josephine
 11238 | D:10     | HP: 1/89 [Josephine/+0 dagger (9)]
 11239 | D:10     | Killed Josephine
 11239 | D:10     | Noticed Fannar
 11239 | D:10     | Slain by a wraith

Illustrated notes

Levels and vault maps discovered:
D:1:      nagdon_arrival_zigzag_paths, layout_basic
D:2:      layout_loops_ring, minmay_tromino_v7
D:3:      layout_loops_ring, ebering_ghost_rock_garden, chequers_mini_garden,
          uniq_jessica
D:4:      layout_gridville, minmay_temple_entry_enclosed_plants, uniq_natasha
D:5:      layout_loops_ring
D:6:      layout_loops_corners, mainiacjoe_overflow_brackets,
          minmay_shop_damaged
D:7:      layout_loops_corners, gammafunk_temple_overflow_elements, uniq_duvessa
D:8:      layout_loops_ring, special_room [special_room_orc], uniq_amaemon
D:9:      layout_gridville, orc_0_dummy, hangedman_decor_diamond_cutter
D:10:     minmay_the_grid_triangle_9x9_rhombus_thin_mashed
          [minmay_the_grid_triangle_9x9_stretched_checkered,
          minmay_the_grid_triangle_9x9_prize_schism,
          minmay_the_grid_triangle_9x9_longest,
          minmay_the_grid_triangle_9x9_tough_junction], layout_stronghold,
          uniq_fannar, uniq_josephine
Temple:   compressed_dpeg_triangle_lava_temple

Skill      XL: |  1  2  3  4  5  6  7  8  9 10 11 |
---------------+----------------------------------+-----
Axes           | 3 4 5 6 7 8 9 11 13 14 15 | 15.9
Fighting       | 4 5 8 9 10 | 10.0
Evocations     | 3 |  3.1
Shields        | 5 6 8 |  8.9
Armour         | 5 8 10 | 10.2

Action                     |  1- 3 |  4- 6 |  7- 9 | 10-12 || total
---------------------------+-------+-------+-------+-------++-------
  Melee: War axe           |    81 |   109 |   231 |   242 ||   663
         Headbutt          |     6 |    17 |    46 |    58 ||   127
  Throw: Dart              |       |       |       |     7 ||     7
 Invoke: Heroism           |       |       |       |     2 ||     2
  Evoke: Wand              |       |       |     3 |     9 ||    12
    Use: Scroll            |     3 |       |     8 |     5 ||    16
         Potion            |       |       |     1 |    10 ||    11
   Stab: Paralysed         |       |       |       |     4 ||     4
         Distracted        |       |       |       |     1 ||     1
 Armour: Scale mail        |    58 |    95 |    52 |       ||   205
         Chain mail        |       |       |    87 |   190 ||   277
  Dodge: Dodged            |    31 |    36 |    67 |    67 ||   201
         Repelled          |     1 |     1 |     2 |       ||     4
  Block: Buckler           |    18 |    31 |    45 |    57 ||   151

Table legend: (Time is in decaauts)
 A = Elapsed time spent in this place.
 B = Non-inter-level travel time spent in this place.
 C = Inter-level travel time spent in this place.
 D = Time resting spent in this place.
 E = Time spent auto-exploring this place.
 F = Levels seen in this place.
 G = Mean time per level.
                   A        B        C        D        E       F      G
               +--------+--------+--------+--------+--------+-----+--------+
         Total |  11227 |  10729 |    498 |    217 |   8943 |  11 | 1020.6 |
       Dungeon |  11188 |  10727 |    461 |    217 |   8943 |  10 | 1118.8 |
        Temple |     38 |      2 |     36 |      0 |      0 |   1 |   38.0 |
               +--------+--------+--------+--------+--------+-----+--------+

Top non-repeatable levels by time:
     D:9: 1728 daAuts
     D:7: 1514 daAuts
     D:8: 1472 daAuts
    D:10: 1247 daAuts
     D:6: 1074 daAuts
     D:5: 979 daAuts
     D:3: 922 daAuts
     D:2: 843 daAuts
     D:1: 732 daAuts
     D:4: 674 daAuts
  Temple: 38 daAuts
